 Dungeon Crawl Stone Soup version 0.27-a0-972-gd1521fd518 (webtiles) character file.

Game seed: 14648109529195037826

2712 Froggeryz the Cleaver (level 9, -2/66 HPs)
             Began as a Formicid Fighter on Apr 14, 2021.
             Was a Follower of Okawaru.
             Slain by an orc warlord
             ... wielding a +0 war axe
              (32 damage)
             ... in a bailey.
             The game lasted 00:10:54 (8296 turns).

Froggeryz the Cleaver (Formicid Fighter)            Turns: 8296, Time: 00:10:55

Health: -2/66      AC:  9    Str: 24    XL:     9   Next: 98%
Magic:  9/9        EV:  9    Int:  8    God:    Okawaru [*.....]
Gold:   367        SH: 11    Dex: 10    Spells: 8/8 levels left

rFire    . . .     SeeInvis +   a - +0 war axe
rCold    . . .     Faith    .   c - +0 kite shield
rNeg     . . .     Spirit   .   b - +0 scale mail
rPois    .         Reflect  .   (helmet unavailable)
rElec    .         Harm     .   j - +1 cloak
rCorr    .         Rampage  .   (no gloves)
Will     .....                  (no boots)
Stlth    ..........             (no amulet)
HPRegen  0.21/turn              (no ring)
MPRegen  0.11/turn              (no ring)

@: mighty, very slightly contaminated, invisible
A: permanent stasis, dig shafts and tunnels, antennae 3, four strong arms
a: Dig, Renounce Religion, Heroism


You were in a bailey.
You worshipped Okawaru.
Okawaru was aware of your devotion.
You visited 2 branches of the dungeon, and saw 8 of its levels.
You also visited: Sewer and Bailey.

You collected 402 gold pieces.
You spent 35 gold pieces at shops.

Inventory:

Hand Weapons
 a - a +0 war axe (weapon)
 q - a +1 vorpal hand axe
Armour
 b - a +0 scale mail (worn)
 c - a +0 kite shield (worn)
 j - a +1 cloak (worn)
Scrolls
 l - a scroll of magic mapping
 m - 3 scrolls of fog
 n - a scroll of identify
 o - 3 scrolls of enchant armour
 p - a scroll of immolation
Potions
 d - 2 potions of might
 e - a potion of attraction
 f - 5 potions of curing
 g - 2 potions of magic
 h - 2 potions of heal wounds
 i - 2 potions of brilliance
 k - a potion of flight


   Skills:
 + Level 4.5 Fighting
 * Level 10.7 Axes
 - Level 3.2 Armour
 - Level 9.0 Shields


You had 8 spell levels left.
You didn't know any spells.
Your spell library contained the following spells:

 Spells                   Type           Power      Damage    Failure   Level
 Magic Dart               Conj           0%         1d3       71%         1
 Searing Ray              Conj           0%         3d3       85%         2
 Dazzling Flash           Conj/Hex       0%         N/A       97%         3
 Fulminant Prism          Conj/Hex       0%         3d6       100%        4
 Iskenderun's Mystic Bla  Conj/Tloc      0%         2d3       100%        4


Dungeon Overview and Level Annotations

Branches:
Dungeon (7/15)             Temple (1/1) D:6           Sewer (visited)
 Bailey (1/1)

Altars:
Kikubaaqudgha
Okawaru
Sif Muna
Trog

Shops:
D:1 ?

Annotations:
D:3 3 runed translucent doors, zawa's ghost, amateur DsTm


Innate Abilities, Weirdness & Mutations

You cannot be hasted, slowed, berserked, paralysed or teleported.
You can dig through walls and to a lower floor.
You have a pair of large antennae on your head. (SInv)
Your four strong arms can wield two-handed weapons with a shield.


Message History

You block the orc warlord's attack.
You hit the orc warlord.
The orc warlord is heavily wounded.
The orc warlord splashes around in the water.
You closely miss the orc warlord.
The orc warlord is heavily wounded.
The orc warlord hits you with a +0 war axe!
You slash the orc warlord!
The orc warlord is severely wounded.
The orc warlord splashes around in the water.
You closely miss the orc warlord.
The orc warlord is severely wounded.
The orc warlord splashes around in the water.
You hit the orc warlord.
The orc warlord is severely wounded.
The orc warlord splashes around in the water.
You barely miss the orc warlord.
The orc warlord is severely wounded.
You block the orc warlord's attack.
You hit the orc warlord.
The orc warlord is severely wounded.
The orc warlord closely misses you.
You completely miss the orc warlord.
The orc warlord is severely wounded.
You block the orc warlord's attack.
You barely miss the orc warlord.
The orc warlord is severely wounded.
You block the orc warlord's attack.
You closely miss the orc warlord.
The orc warlord is severely wounded.
The orc warlord barely misses you.
You strike the helpless orc warlord from behind!
You hit the orc warlord.
The orc warlord is severely wounded.
You block the orc warlord's attack.
You catch the helpless orc warlord completely off-guard!
You slash the orc warlord!
The orc warlord is almost dead.
The orc warlord hits you with a +0 war axe!!
You die...

#..........#≈≈≈≈≈#......
#..........'..... ....8.
#...8......####### #....
##..))).####≈≈≈#≈≈≈##...
##.....#≈≈#≈.....:≈#...
##....#≈........!o#..(
#..[##≈8.8...8.8##..)
#...')≈.........#...(
#..)@o≈....∩...g#....
#...'≈≈........o#...(
#...##≈8.8...8.8##...
##....#≈........?≈#...
##.....#≈≈#≈.....){#...
##......####≈≈≈#≈≈≈##...
#...8.....[#########....
#.........[+[....'....8.
#.........(#≈≈≈≈≈#......


You could see an orc warlord.

Vanquished Creatures
  Duvessa (D:6)
  A water moccasin (D:5)
  4 orc warriors
  2 sky beasts
  A black bear (D:5)
  A hornet zombie (D:6)
  An ice beast (D:5)
  2 ogres
  2 kobold brigands (Sewer)
  2 bullfrogs
  3 scorpions
  A water moccasin skeleton (D:4)
  Dowan (D:6)
  An electric eel (D:6)
  3 howler monkeys
  A centaur zombie (D:6)
  5 orc priests
  A hound (D:7)
  A gnoll shaman (D:7)
  A centaur skeleton (D:4)
  4 iguanas
  4 orc wizards
  A hound skeleton (D:5)
  7 gnolls
  11 adders
  2 worms (D:2)
  5 dart slugs
  21 orcs
  3 endoplasms
  4 giant cockroaches
  9 hobgoblins
  20 jackals
  26 kobolds
  9 quokkas
  12 ball pythons
  13 bats
  11 frilled lizards
  15 goblins
  9 rats
221 creatures vanquished.

Vanquished Creatures (others)
  A fungus (Sewer)
  22 plants
23 creatures vanquished.

Grand Total: 244 creatures vanquished

Notes
Turn   | Place    | Note
-------+----------+-------------------------------------------
     0 | D:1      | Froggeryz the Formicid Fighter began the quest for the Orb.
     0 | D:1      | Reached XP level 1. HP: 18/18 MP: 1/1
   150 | D:1      | Reached XP level 2. HP: 24/24 MP: 2/2
   270 | D:1      | Reached XP level 3. HP: 29/29 MP: 3/3
   313 | D:1      | Reached skill level 3 in Axes
   626 | D:1      | Found Zeyce's Magic Scroll Shop.
   629 | D:1      | Bought a scroll of fear for 35 gold pieces
  1099 | D:2      | Reached XP level 4. HP: 35/35 MP: 4/4
  1508 | D:2      | Reached skill level 4 in Axes
  1600 | D:2      | Reached XP level 5. HP: 37/41 MP: 5/5
  1703 | D:2      | Found a faded altar of an unknown god.
  1960 | D:3      | Noticed zawa's ghost (amateur DsTm)
  2009 | D:3      | Reached skill level 5 in Shields
  2062 | D:3      | Reached XP level 6. HP: 34/47 MP: 6/6
  2124 | D:3      | Reached skill level 5 in Axes
  2156 | D:3      | Found a glowing drain.
  2167 | Sewer    | Entered a sewer
  2299 | Sewer    | Reached XP level 7. HP: 29/52 MP: 7/7
  2984 | D:3      | Found a runed translucent gate.
  2985 | D:3      | Found a runed translucent gate.
  2986 | D:3      | Found a runed translucent gate.
  3096 | D:3      | Reached skill level 6 in Axes
  4104 | D:4      | Reached XP level 8. HP: 51/58 MP: 8/8
  4160 | D:4      | Reached skill level 7 in Axes
  4161 | D:4      | Found a bloodstained altar of Trog.
  4428 | D:5      | Entered Level 5 of the Dungeon
  4750 | D:5      | Reached skill level 8 in Axes
  5408 | D:6      | Reached XP level 9. HP: 26/64 MP: 9/9
  5628 | D:5      | Reached skill level 9 in Axes
  6193 | D:6      | Found a staircase to the Ecumenical Temple.
  6193 | D:6      | Noticed Duvessa
  6194 | D:6      | Noticed Dowan
  6222 | D:6      | Killed Dowan
  6254 | D:6      | Killed Duvessa
  6626 | Temple   | Entered the Ecumenical Temple
  6635 | Temple   | Became a worshipper of Warmaster Okawaru
  7148 | D:7      | Reached skill level 10 in Axes
  7395 | D:7      | Found a flagged portal.
  7413 | Bailey   | Entered a bailey
  7451 | Bailey   | Noticed an orc warlord
  7478 | Bailey   | Reached * piety under Okawaru
  7738 | Bailey   | HP: 1/65 [orc warrior/+0 war axe (9)]
  8011 | Bailey   | Found a runed translucent gate.
  8011 | Bailey   | Found a runed translucent gate.
  8011 | Bailey   | Found a runed translucent gate.
  8296 | Bailey   | Slain by an orc warlord

Illustrated notes

Levels and vault maps discovered:
D:1:      dpeg_arrival_boxorama, layout_basic, serial_shops,
          nicolae_shop_behind_doors, minmay_misc_feat_encased
D:2:      layout_loops_ring, shapermc_ecumenical_altar_hornbeckon,
          minmay_lizard_king
D:3:      layout_loops_ring, gammafunk_ghost_split, portal_sewer_entry_d
D:4:      layout_gridville, overflow_temple_1_default
D:5:      layout_basic, minmay_tree_intersection
D:6:      layout_loops_ring, minmay_temple_entry_sparse_star,
          serial_bayou_ford_a, serial_park_tiny_1, fountainhead, uniq_duvessa
D:7:      layout_basic, enter_bailey_5, serial_shops, shop, uniq_harold,
          uniq_maggie
Temple:   regret_index_temple_sigil_plot
Bailey:   bailey_axe_bossmonster_kennysheep, bailey

Skill      XL: |  1  2  3  4  5  6  7  8  9 |
---------------+----------------------------+-----
Shields        | 4 5 6 8 9 |  9.0
Axes           | 3 4 5 6 8 10 | 10.7
Fighting       | 4 |  4.5
Armour         | |  3.2

Action                   |  1- 3 |  4- 6 |  7- 9 || total
-------------------------+-------+-------+-------++-------
Melee: War axe           |   114 |   148 |   312 ||   574
       Hand axe          |       |       |   195 ||   195
 Abil: Dig               |       |     7 |     1 ||     8
  Use: Scroll            |       |     4 |    12 ||    16
       Potion            |       |       |    10 ||    10
 Stab: Invisible         |       |       |     4 ||     4
Armor: Scale mail        |    54 |    66 |   139 ||   259
Dodge: Dodged            |    35 |    54 |   129 ||   218
Block: Kite shield       |    85 |    63 |   285 ||   433

Table legend: (Time is in decaauts)
 A = Elapsed time spent in this place.
 B = Non-inter-level travel time spent in this place.
 C = Inter-level travel time spent in this place.
 D = Time resting spent in this place.
 E = Time spent auto-exploring this place.
 F = Levels seen in this place.
 G = Mean time per level.
                   A        B        C        D        E       F      G
               +--------+--------+--------+--------+--------+-----+--------+
         Total |   8476 |   8275 |    201 |   1869 |   4563 |  10 |  847.6 |
       Dungeon |   6996 |   6801 |    195 |   1215 |   4140 |   7 |  999.4 |
        Temple |     16 |     10 |      6 |      0 |      0 |   1 |   16.0 |
         Sewer |    582 |    582 |      0 |     42 |    374 |   1 |  582.0 |
        Bailey |    881 |    881 |      0 |    612 |     48 |   1 |  881.0 |
               +--------+--------+--------+--------+--------+-----+--------+

Top non-repeatable levels by time:
     D:6: 1333 daAuts
     D:5: 1291 daAuts
     D:1: 1148 daAuts
     D:4: 1084 daAuts
     D:3: 953 daAuts
  Bailey: 881 daAuts
     D:2: 859 daAuts
   Sewer: 582 daAuts
     D:7: 326 daAuts
  Temple: 16 daAuts
